 Dungeon Crawl Stone Soup version 0.30-a0-760-g5a9884bb7c (webtiles) character file.

Game seed: 10693058683684345441

1064 dolemite99 the Cudgeller (level 8, -1/46 HPs)
             Began as a Djinni Transmuter on Feb 11, 2023.
             Was a Follower of Hepliaklqana.
             Slain by a gnoll
             ... wielding a +0 club
              (6 damage)
             ... on level 5 of the Dungeon.
             The game lasted 00:07:01 (5889 turns).

dolemite99 the Cudgeller (Djinni Transmuter)        Turns: 5889, Time: 00:07:01

Health: -1/46      AC:  5    Str: 11    XL:     8   Next: 52%
Gold:   301        EV: 10    Int: 15    God:    Hepliaklqana [*.....] SH:  3 Dex: 14

rFire   + + .      SeeInvis .    c - +1 flail (distort)
rCold   . . .      Faith    .    o - +0 buckler
rNeg    . . .      Spirit   .    C - +0 ring mail {rC+}
rPois   ∞          Reflect  .    (no helmet)
rElec   .          Harm     .    (no cloak)
rCorr   .          Rampage  .    (no gloves)
Will    .....                    (boots unavailable)
Stlth   +                        (no amulet)
HPRegen 0.27/turn                (no ring)
MPRegen 0.00/turn                (no ring)

@: about to teleport, flying
A: reduced essence, sickness immunity, fire resistance 2, cold vulnerability 1,
float, innate caster, HP casting, extra vitality 1
a: Renounce Religion, Recall Ancestor, Ancestor Identity


You were on level 5 of the Dungeon.
You worshipped Hepliaklqana.
Hepliaklqana was aware of your devotion.
You visited 2 branches of the dungeon, and saw 6 of its levels.

You collected 314 gold pieces.
You donated 13 gold pieces to Zin.

Inventory:

Hand Weapons
 c - a +1 flail of distortion (weapon)
 i - a +0 sling of freezing
 k - a +0 sling
 n - a +1 dagger of pain
 F - a +2 whip of electrocution
 G - a +0 sling
 H - a +0 sling
 I - a +0 sling
 J - a +0 sling
Armour
 a - a +0 robe
 o - a +0 buckler (worn)
 p - a +1 chain mail
 s - a +3 leather armour
 y - a +0 pair of gloves
 C - a +0 ring mail of cold resistance (worn)
Jewellery
 f - a ring of protection from cold
 x - a ring of see invisible
 B - a ring of see invisible
Wands
 r - a wand of acid (5)
 E - a wand of charming (10)
Scrolls
 d - 2 scrolls of immolation
 e - a scroll of magic mapping
 g - a scroll of vulnerability
 m - a scroll of silence
 u - a scroll of fear {unknown}
 v - 4 scrolls of identify {@r1}
 z - a scroll of poison {unknown}
Potions
 b - 2 potions of lignification
 h - 3 potions of attraction {unknown}
 j - a potion of mutation {unknown}
 l - a potion of heal wounds {unknown}
 q - 6 potions of curing
 t - a potion of might {unknown}
 w - a potion of degeneration {unknown}
 A - a potion of resistance {unknown}


   Skills:
 - Level 1.0 Fighting
 + Level 7.7 Maces & Flails
 - Level 2.1 Dodging
 - Level 3.1 Unarmed Combat
 - Level 1.7 Spellcasting


You couldn't memorise any spells.
You knew the following spells:

 Your Spells              Type           Power      Damage    Failure   Level
a - Beastly Appendage     Tmut           12%        N/A       36%         1
b - Wereblood             Tmut           6%         N/A       50%         2
c - Spider Form           Tmut/Pois      6%         N/A       75%         3
d - Ice Form              Ice/Tmut       6%         N/A       98%         4
e - Kiss of Death         Conj/Necr      24%        2d7       36%         1
f - Searing Ray           Conj           12%        2d4       50%         2
g - Scorch                Fire           12%        2d6       50%         2
Your spell library was empty.

Dungeon Overview and Level Annotations

Branches:
Dungeon (5/15)             Temple (1/1) D:4

Altars:
Ashenzari
Cheibriados
Dithmenos
Elyvilon
Fedhas
Gozag
Hepliaklqana
Makhleb
Okawaru
Ru
Trog
Uskayaw
Wu Jian
Xom
Yredelemnul
Zin

Shops:
D:3 (


Innate Abilities, Weirdness & Mutations

Your life essence is reduced to manifest your ancestor. (-10% HP)
You are immune to sickness and miasma.
You are immune to poison.
Your flesh is very heat resistant. (rF++)
You are vulnerable to cold. (rC-)
You float through the air rather than walking.
You learn spells naturally, not from books.
Your magical power is your life essence.
You have superior vitality. (+4 MHP)


Message History

The hobgoblin is severely wounded.
Cuetlachtli barely misses the hobgoblin.
The gnoll closely misses you.
A gnoll comes into view. It is wielding a +0 club.
A kobold comes into view. It is wielding a +0 club.
The gnoll barely misses you. The hobgoblin closely misses you.
You barely miss the hobgoblin.
The hobgoblin is severely wounded.
Cuetlachtli hits the hobgoblin.
The hobgoblin dies!
The gnoll hits you with a +0 flail! The gnoll misses you.
You are too injured to fight recklessly!
You hit the goblin.
Space warps around the goblin.
You kill the goblin!
Cuetlachtli hits the gnoll.
The gnoll hits you with a +0 whip! The gnoll closely misses you.
Cuetlachtli barely misses the gnoll.
Okay, then.
Okay, then.
Okay, then.
You hit the gnoll.
Space warps around the gnoll.
The gnoll is almost dead.
The kobold barely misses you. The gnoll hits you with a +0 flail.
Cuetlachtli closely misses the gnoll.
You hit the gnoll but do no damage.
Space warps around the gnoll.
You kill the gnoll!
You block the gnoll's attack. The kobold barely misses you.
The gnoll hits you with a +0 club.
Cuetlachtli hits the kobold.
The kobold dies!
The gnoll hits you with a +0 whip. The hobgoblin closely misses you.
The gnoll hits you with a +0 club! The goblin hits you but does no damage.
The gnoll hits you with a +0 club.
* * * LOW HITPOINT WARNING * * *
Items here: $ ))) †††.
As you read the scroll of teleportation, it crumbles to dust.
You feel strangely unstable. The gnoll closely misses you.
The hobgoblin closely misses you. The gnoll misses you.
The gnoll hits you with a +0 club.
* * * LOW HITPOINT WARNING * * *
The goblin misses you. The gnoll hits you with a +0 club.
You die...

###################### #≈≈≈≈≈##
.....#........... .# #≈≈≈≈≈≈#
.....'........... .# #≈≈≈≈≈≈#
#######.)......... ..##' #≈≈≈≈≈≈≈
..........######## .....#≈≈≈≈≈≈≈≈
).).......# ......#≈≈≈≈≈≈≈≈
..........########g.....#≈≈≈≈≈≈≈≈
#######......)).ggg..# ##≈≈≈≈≈≈≈
....'......)(R@gK..# #≈≈≈≈≈≈≈
....#....)...ggg...# #≈≈≈≈≈≈≈
###################### #≈≈≈≈≈≈≈
~≈≈≈≈≈≈≈≈≈≈≈≈≈≈≈≈≈≈≈≈#####≈≈≈≈≈≈≈
≈≈≈≈≈≈≈~~≈≈≈≈≈≈≈≈≈≈≈≈≈≈≈≈≈≈≈≈≈≈≈≈
~~~≈≈~~~~~≈~~~≈~≈≈~~≈~~~~≈≈~≈~~≈~
~.~~~~.~~~...~~~~~.~~~.~.~~~~.~~~
.................................
...........†.....................


You could see the friendly Cuetlachtli the ancestor, 4 gnolls, a hobgoblin, 3
goblins and a kobold.

Vanquished Creatures
  A black bear (D:4)
  An ogre (D:5)
  A phantom (D:4)
  2 scorpions
  A howler monkey (D:4)
  3 hounds
  A jelly (D:4)
  3 iguanas
  An orc wizard (D:3)
  12 adders
  5 gnolls
  An ufetubus (D:4)
  3 worms
  A dart slug (D:3)
  14 orcs
  8 bats
  6 endoplasms
  4 giant cockroaches
  9 hobgoblins
  4 jackals
  4 quokkas
  4 ball pythons (D:4)
  A frilled lizard (D:2)
  10 goblins
  9 kobolds
  6 rats
115 creatures vanquished.

Vanquished Creatures (collateral kills)
  A hound (D:5)
  An orc wizard (D:5)
  A gnoll (D:5)
  An adder (D:4)
  An orc (D:5)
  6 goblins
  5 hobgoblins (D:5)
  2 jackals (D:5)
  2 kobolds (D:5)
20 creatures vanquished.

Vanquished Creatures (others)
  An ancestor (D:4)
1 creature vanquished.

Grand Total: 136 creatures vanquished

Notes
Turn   | Place    | Note
-------+----------+-------------------------------------------
     0 | D:1      | dolemite99 the Djinni Transmuter began the quest for the
                  | Orb.
     0 | D:1      | dolemite99 set off with the following spells memorised:
                  | Beastly Appendage, Wereblood, Spider Form, Ice Form.
     0 | D:1      | Reached XP level 1. HP: 17/17 MP: 0/0
   277 | D:1      | Reached XP level 2. HP: 16/22 MP: 0/0
   498 | D:1      | Reached skill level 1 in Maces & Flails
   957 | D:2      | Reached XP level 3. HP: 16/27 MP: 0/0
   957 | D:2      | Learned a level 1 spell: Kiss of Death
  1253 | D:2      | Reached skill level 2 in Maces & Flails
  1950 | D:2      | Reached XP level 4. HP: 21/32 MP: 0/0
  2867 | D:3      | Found a glowing silver altar of Zin.
  2932 | D:3      | Reached skill level 3 in Maces & Flails
  2977 | D:3      | Became a worshipper of Zin the Law-Giver
  2977 | D:3      | Reached * piety under Zin
  3011 | D:3      | Found Keecum's Antique Weapon Shoppe.
  3034 | D:3      | Identified the +1 pair of boots of Minor Irritation {rF+
                  | Regen+ Dex+2}
  3131 | D:3      | Reached XP level 5. HP: 33/37 MP: 0/0
  3131 | D:3      | Learned a level 2 spell: Searing Ray
  3203 | D:3      | Found a hazy altar of Hepliaklqana.
  3215 | D:3      | Fell from the grace of Zin
  3215 | D:3      | Became a worshipper of Hepliaklqana the Forgotten
  3689 | D:4      | Reached skill level 4 in Maces & Flails
  3694 | D:4      | Reached XP level 6. HP: 39/42 MP: 0/0
  3846 | D:4      | Reached skill level 5 in Maces & Flails
  3846 | D:4      | Reached XP level 7. HP: 34/47 MP: 0/0
  3846 | D:4      | Learned a level 2 spell: Scorch
  4109 | D:4      | Found a staircase to the Ecumenical Temple.
  4165 | Temple   | Entered the Ecumenical Temple
  4455 | D:4      | Reached * piety under Hepliaklqana
  4505 | D:4      | Reached skill level 6 in Maces & Flails
  4792 | D:4      | Reached XP level 8. HP: 26/46 MP: 0/0
  5024 | D:5      | Entered Level 5 of the Dungeon
  5093 | D:5      | Reached skill level 7 in Maces & Flails
  5157 | D:5      | Found a basalt altar of Yredelemnul.
  5889 | D:5      | Slain by a gnoll

Illustrated notes

Levels and vault maps discovered:
D:1:      sevenhm_arrival_forest_fort_small_4, layout_loops_corners,
          minmay_liquid_box, minmay_crystal_water
D:2:      layout_loops_ring, nicolae_hexahallways
D:3:      layout_loops_ring, lemuel_coloured_pillars_altar, zin_treasury,
          serial_shops, shop, chequers_arboretum, minmay_misc_feat_encased,
          kennysheep_generic_room_6
D:4:      minmay_razor_zed, layout_gridville,
          minmay_temple_entry_enclosed_plants, minmay_quantized
D:5:      minmay_goblin_kobold_castle, layout_loops_ring,
          mainiacjoe_overflow_alcove_2, minmay_ogre_servants
Temple:   nicolae_temple_slightly_damp_pantheon

Skill      XL: |  1  2  3  4  5  6  7  8 |
---------------+-------------------------+-----
Maces & Flails | 1 2 3 4 5 6 7 |  7.7
Fighting       | |  1.0
Dodging        | |  2.1
Unarmed Combat | |  3.1
Spellcasting   | |  1.7

Action                     |  1- 3 |  4- 6 |  7- 9 || total
---------------------------+-------+-------+-------++-------
  Melee: Unarmed           |    18 |       |       ||    18
         Flail             |    66 |   119 |   138 ||   323
         Headbutt          |     3 |       |       ||     3
         Punch             |     3 |       |       ||     3
  Throw: Dart              |       |       |    15 ||    15
   Cast: Beastly Appendage |    10 |       |       ||    10
    Use: Scroll            |       |     7 |     1 ||     8
         Potion            |       |       |     2 ||     2
   Stab: Sleeping          |     3 |       |       ||     3
 Armour: Robe              |    30 |       |       ||    30
         Chain mail        |     7 |    78 |    28 ||   113
         Ring mail         |       |       |    39 ||    39
         Skin              |       |       |    52 ||    52
  Dodge: Dodged            |    61 |    23 |    85 ||   169
  Block: Buckler           |     1 |    12 |    28 ||    41

Table legend: (Time is in decaauts)
 A = Elapsed time spent in this place.
 B = Non-inter-level travel time spent in this place.
 C = Inter-level travel time spent in this place.
 D = Time resting spent in this place.
 E = Time spent auto-exploring this place.
 F = Levels seen in this place.
 G = Mean time per level.
                   A        B        C        D        E       F      G
               +--------+--------+--------+--------+--------+-----+--------+
         Total |   5959 |   5731 |    228 |    657 |   3752 |   6 |  993.2 |
       Dungeon |   5772 |   5562 |    210 |    657 |   3601 |   5 | 1154.4 |
        Temple |    186 |    168 |     18 |      0 |    151 |   1 |  186.0 |
               +--------+--------+--------+--------+--------+-----+--------+

Top non-repeatable levels by time:
     D:2: 1576 daAuts
     D:3: 1206 daAuts
     D:4: 1177 daAuts
     D:1: 940 daAuts
     D:5: 871 daAuts
  Temple: 186 daAuts
